 Dungeon Crawl Stone Soup version 0.30-a0-364-gf6b3ef1049 (webtiles) character file.

Game seed: 1132810007978102460

114 kingsuperguy the Sneak (level 5, 0/31 HPs)
             Began as a Kobold Brigand on Nov 15, 2022.
             Killed by divine providence
             ... invoked by an orc priest
              (14 damage)
             ... on level 4 of the Dungeon.
             The game lasted 00:05:30 (2677 turns).

kingsuperguy the Sneak (Kobold Brigand)             Turns: 2677, Time: 00:05:30

Health: 0/31       AC:  4    Str:  8    XL:     5   Next: 19%
Magic:  5/5        EV: 14    Int: 12    God:
Gold:   215        SH:  0    Dex: 19    Spells: 4/4 levels left

rFire   . . .      SeeInvis +    y - +0 dagger (elec)
rCold   . . .      Faith    .    (no shield)
rNeg    . . .      Spirit   .    b - +0 robe
rPois   .          Reflect  .    (no helmet)
rElec   .          Harm     .    c - +0 cloak
rCorr   .          Rampage  .    (no gloves)
Will    .....                    t - +0 pair of boots
Stlth   +++++.....               p - amulet of regeneration
HPRegen 1.05/turn                n - ring of see invisible
MPRegen 0.09/turn                (no ring)

@: no status effects
A: small, no large weapons, nightstalker 3
a: no special abilities


You were on level 4 of the Dungeon.
You visited 1 branch of the dungeon, and saw 4 of its levels.

You collected 215 gold pieces.

Inventory:

Hand Weapons
 a - a +2 dagger
 k - a +0 dagger
 y - a +0 dagger of electrocution (weapon)
 z - a +0 sling
Missiles
 d - 9 poisoned darts (quivered)
 e - 3 curare-tipped darts
 h - 52 stones
Armour
 b - a +0 robe (worn)
 c - a +0 cloak (worn)
 t - a +0 pair of boots (worn)
 u - a +0 leather armour
 A - a +0 chain mail
 E - a +0 plate armour
Jewellery
 n - a ring of see invisible (left hand)
 p - an amulet of regeneration (around neck)
 s - a +6 ring of dexterity
 x - an amulet of reflection
Scrolls
 f - a scroll of noise {unknown}
 g - 3 scrolls of enchant armour {unknown}
 i - 3 scrolls of identify {unknown}
 l - a scroll of poison {unknown}
 o - 2 scrolls of teleportation {unknown}
 q - a scroll of vulnerability {unknown}
 w - a scroll of amnesia {unknown}
 B - a scroll of fog {unknown}
 C - a scroll of fear {unknown}
Potions
 j - a potion of flight {unknown}
 m - a potion of attraction {unknown}
 r - a potion of ambrosia {unknown}
 v - 2 potions of degeneration {unknown}
 D - a potion of might {unknown}


   Skills:
 + Level 2.4 Fighting
 * Level 3.7 Short Blades
 + Level 2.2 Throwing
 + Level 1.5 Dodging
 * Level 7.7 Stealth


You had 4 spell levels left.
You didn't know any spells.
Your spell library contained the following spells:

 Spells                   Type           Power      Damage    Failure   Level
 Inner Flame              Hex/Fire       0%         N/A       69%         3
 Cause Fear               Hex            0%         N/A       97%         4
 Discord                  Hex            0%         N/A       100%        8


Dungeon Overview and Level Annotations

Branches:
Dungeon (4/15)
 Temple: D:4-7

Altars:


Innate Abilities, Weirdness & Mutations

You are small and have problems with some larger weapons.
You are completely attuned to the shadows.


Message History

Found a robe.
Found a stone staircase leading up.
An adder comes into view.
Found a plate armour.
The helpless adder fails to defend itself.
You perforate the adder like a sieve!!!
You kill the adder!
An endoplasm comes into view.
You see here a +0 plate armour.
E - a +0 plate armour The helpless endoplasm fails to defend itself.
You spit the endoplasm like a pig!!!
You kill the endoplasm!
An orc comes into view. It is wielding a +0 short sword.
An orc comes into view. It is wielding a +0 dagger.
The orc shouts! x2
The orc hits you with a +0 short sword.
An orc priest comes into view. It is wielding a +0 whip.
A hobgoblin comes into view.
The orc barely misses you. The orc attacks as you move away!
The orc hits you with a +0 dagger.
You hit the orc. Lightning courses through the orc!
You kill the orc!
The orc closely misses you.
The orc priest mumbles some strange prayers to Beogh against you.
Beogh smites you!
You see here a +0 short sword.
You hit the orc.
The orc is severely wounded.
The orc priest mumbles some strange prayers to Beogh against you.
Beogh smites you!
* * * LOW HITPOINT WARNING * * *
The orc hits you with a +0 dagger.
* * * LOW HITPOINT WARNING * * *
The orc attacks as you move away! The orc hits you with a +0 dagger.
* * * LOW HITPOINT WARNING * * *
The orc attacks as you move away! The orc hits you but does no damage.
The orc priest calls down the wrath of Beogh upon you.
Beogh smites you!
You die...

........###...###+#
.####...#####..#...
........###.......... .
..........[..####..†.. #.
..........######......
g..#####........## ##.......
......).........# ##...##...
...#..##........####........#
.......#.o.o@...##..........#
...###.......................
#. ###........#............
..#.## #..........#..........
.....# ##.....................
.....###.........###..........
.....##..........# ##.........
...............### #........#
.....##........# ....†.


You could see an orc priest and an orc.

Vanquished Creatures
  A gnoll (D:2)
  3 adders
  3 worms
  4 dart slugs
  An orc (D:4)
  7 ball pythons
  6 bats
  5 endoplasms
  3 giant cockroaches (D:1)
  6 goblins
  2 hobgoblins (D:3)
  6 kobolds
  4 quokkas
  3 frilled lizards
  4 rats
58 creatures vanquished.

Notes
Turn   | Place    | Note
-------+----------+-------------------------------------------
     0 | D:1      | kingsuperguy the Kobold Brigand began the quest for the
                  | Orb.
     0 | D:1      | Reached XP level 1. HP: 12/12 MP: 1/1
   198 | D:1      | Reached XP level 2. HP: 18/18 MP: 2/2
   486 | D:1      | Reached skill level 6 in Stealth
   667 | D:2      | Reached XP level 3. HP: 19/22 MP: 3/3
   902 | D:2      | Reached XP level 4. HP: 22/27 MP: 4/4
   931 | D:2      | Reached skill level 7 in Stealth
  2560 | D:4      | Reached XP level 5. HP: 31/31 MP: 5/5
  2677 | D:4      | Killed from afar by an orc priest

Illustrated notes

Levels and vault maps discovered:
D:1:      lemuel_arrival_hallway, layout_rooms
D:2:      minmay_chambers_of_twos, layout_basic
D:3:      layout_loops_ring, minivault_14
D:4:      layout_rooms, kennysheep_little_box, ebering_ghost_sewer_d,
          cheibrodos_gnoll_hut

Skill      XL: |  1  2  3  4 |
---------------+-------------+-----
Short Blades   | 3 |  3.7
Stealth        | 6 7 |  7.7
Fighting       | |  2.4
Throwing       | |  2.2
Dodging        | |  1.5

Action                   |  1- 3 |  4- 6 || total
-------------------------+-------+-------++-------
Melee: Dagger            |    97 |    74 ||   171
       Punch             |     3 |     1 ||     4
 Stab: Sleeping          |    11 |    17 ||    28
Armor: Robe              |    20 |    14 ||    34
Dodge: Dodged            |    60 |    49 ||   109

Table legend: (Time is in decaauts)
 A = Elapsed time spent in this place.
 B = Non-inter-level travel time spent in this place.
 C = Inter-level travel time spent in this place.
 D = Time resting spent in this place.
 E = Time spent auto-exploring this place.
 F = Levels seen in this place.
 G = Mean time per level.
                   A        B        C        D        E       F      G
               +--------+--------+--------+--------+--------+-----+--------+
         Total |   2649 |   2438 |    211 |      0 |   1652 |   4 |  662.2 |
       Dungeon |   2649 |   2438 |    211 |      0 |   1652 |   4 |  662.2 |
               +--------+--------+--------+--------+--------+-----+--------+

Top non-repeatable levels by time:
     D:2: 1068 daAuts
     D:3: 826 daAuts
     D:1: 637 daAuts
     D:4: 117 daAuts
